 Dungeon Crawl Stone Soup version 0.31.0-32-g396128a36d (webtiles) character file.

Game seed: 2272676298442602571

521598 Zeor the Conqueror (level 25, -8/234 HPs)
             Began as a Merfolk Gladiator on Apr 3, 2024.
             Was the Champion of Wu Jian.
             Mangled by an azure jelly (55 damage)
             ... created by the Royal Jelly
             ... on level 5 of the Pits of Slime on Apr 5, 2024.
             The game lasted 06:11:56 (47150 turns).

Zeor the Conqueror (Merfolk Gladiator)             Turns: 47150, Time: 06:11:56

Health: -8/234     AC:  9    Str: 10    XL:     25   Next: 31%
Magic:  1/23       EV: 39    Int: 11    God:    Wu Jian [******]
Gold:   3541       SH: 22    Dex: 36    Spells: 24/24 levels left

rFire   + + .        a - +9 sword of Zonguldrok {reap}
rCold   . . .        f - +2 kite shield {AC+3}
rNeg    + + .        w - +3 ring mail of the Morning Star {rElec rPois Int-2 Dex+2}
rPois   +            C - -2 hat of the Alchemist {rElec rPois rF+ rC+ rN+ Will+ rMut rCorr}
rElec   +            r - +1 cloak of Starlight {*Dazzle EV+4 Stlth--}
rCorr   +            N - +0 pair of fencer's gloves {Riposte Dex+3}
SInv    +            A - +2 pair of boots {rampage}
Will    ++++.        D - amulet "Gegoh" {rC- rN+ Regen+ rCorr}
Stlth   ++           L - ring of Esyhyoti {rPois Will+ Str-5 Dex+4 SInv}
HPRegen 1.39/turn    v - ring "Bielann" {rF+ Will+ rCorr Int+6}
MPRegen 0.18/turn

%: resist mutation, rampage
@: mighty, corroded, fragile (+50% incoming damage), studying Unarmed Combat
A: (nimble swimmer 2), mertail
}: 3/15 runes: decaying, serpentine, silver
a: Renounce Religion, Wall Jump, Serpent's Lash, Heavenly Storm


You were on level 5 of the Pits of Slime.
You worshipped Wu Jian.
Wu Jian was exalted by your worship.
You visited 10 branches of the dungeon, and saw 47 of its levels.
You also visited: Sewer, Bailey, Ice Cave, Volcano and Desolation.

You collected 7591 gold pieces.
You spent 4050 gold pieces at shops.

Inventory:

Hand Weapons
 a - the +9 sword of Zonguldrok (weapon) {reap}
   (You found it in the Desolation of Salt)
 b - the +8 trishula "Condemnation" {holy, anguish, *Noise Fly rN+}
   (You took it off a vault sentinel on level 5 of the Vaults)

   rN+:       It protects you from negative energy.
   Fly:       It grants you flight.
   *Noise:    It may make a loud noise when swung.
 p - a +6 scimitar of freezing
Missiles
 d - 9 throwing nets (quivered)
 e - 2 javelins
 B - 12 curare-tipped darts
 O - 11 atropa-tipped darts
Armour
 f - a +2 kite shield of protection (worn)
 r - the +1 cloak of Starlight (worn) {*Dazzle EV+4 Stlth--}
   (You found it in the Desolation of Salt)

   *Dazzle:   It may blind those who miss an attack against the wearer in melee
   combat.
   EV+4:      It affects your evasion (+4).
   Stlth--:   It makes you much less stealthy.
 w - the +3 ring mail of the Morning Star (worn) {rElec rPois Int-2 Dex+2}
   (You bought it in a shop on level 1 of the Dungeon)

   Int-2:     It affects your intelligence (-2).
   Dex+2:     It affects your dexterity (+2).
   rElec:     It insulates you from electricity.
   rPois:     It protects you from poison
 A - a +2 pair of boots of rampaging (worn)
 C - the -2 hat of the Alchemist (worn) {rElec rPois rF+ rC+ rN+ Will+ rMut rCorr}
   (You found it on level 5 of the Vaults)

   rF+:       It protects you from fire.
   rC+:       It protects you from cold.
   rElec:     It insulates you from electricity.
   rPois:     It protects you from poison rN+: It protects you from negative
   energy.
   Will+:     It increases your willpower.
   rCorr:     It protects you from acid and corrosion.
   rMut:      It protects you from mutation.
 N - the +0 pair of fencer's gloves (worn) {Riposte Dex+3}
   (You found it on level 9 of the Dungeon)

   Riposte:   It allows the wearer to riposte with melee weapons, swiftly
   retaliating against missed or blocked melee attacks.
   Dex+3:     It affects your dexterity (+3).
Jewellery
 c - the ring "Cutehoesi" {rC+ rCorr}
   (You found it in the Desolation of Salt)

   [ring of resist corrosion]

   rC+:       It protects you from cold.
   rCorr:     It protects you from acid and corrosion.
 v - the ring "Bielann" (right hand) {rF+ Will+ rCorr Int+6}
   (You bought it in a shop on level 2 of the Snake Pit)

   [ring of intelligence]

   Int+6:     It affects your intelligence (+6).
   rF+:       It protects you from fire.
   Will+:     It increases your willpower.
   rCorr:     It protects you from acid and corrosion.
 D - the amulet "Gegoh" (around neck) {rC- rN+ Regen+ rCorr}
   (You acquired it in a bailey)

   [amulet of regeneration]

   rC-:       It makes you vulnerable to cold.
   rN+:       It protects you from negative energy.
   Regen+:    It increases your rate of health regeneration.
   rCorr:     It protects you from acid and corrosion.
 J - a ring of protection from fire
 L - the ring of Esyhyoti (left hand) {rPois Will+ Str-5 Dex+4 SInv}
   (You bought it in a shop on level 3 of the Snake Pit)

   [ring of willpower]

   Str-5:     It affects your strength (-5).
   Dex+4:     It affects your dexterity (+4).
   rPois:     It protects you from poison Will+: It increases your willpower.
   SInv:      It lets you see invisible.
 T - a ring of willpower
 W - the ring "Teoceto Remy" {rN+ Will+ Int+7 SInv}
   (You found it in the Desolation of Salt)

   [ring of positive energy]

   Int+7:     It affects your intelligence (+7).
   rN+:       It protects you from negative energy.
   Will+:     It increases your willpower.
   SInv:      It lets you see invisible.
Wands
 j - a wand of light (19)
 t - a wand of roots (63)
 x - a wand of charming (67)
 E - a wand of mindburst (25)
 R - a wand of polymorph (12)
Scrolls
 g - 2 scrolls of revelation
 k - 12 scrolls of fog
 u - 11 scrolls of teleportation
 y - 6 scrolls of immolation
 F - 8 scrolls of blinking
 H - 9 scrolls of enchant weapon
 K - a scroll of silence
 Q - 6 scrolls of poison
 V - 5 scrolls of fear
 X - a scroll of brand weapon
Potions
 h - a potion of ambrosia
 i - 5 potions of invisibility
 l - 3 potions of berserk rage
 m - 2 potions of might
 n - 7 potions of haste
 o - 7 potions of enlightenment
 q - 3 potions of cancellation
 z - 2 potions of resistance
 I - 5 potions of heal wounds
 P - 20 potions of curing
 U - 10 potions of mutation
 Y - 8 potions of attraction
Miscellaneous
 s - a sack of spiders
 G - a condenser vane (inert)
 M - a phial of floods
 S - a phantom mirror


   Skills:
 O Level 27 Fighting
 - Level 22.0 Long Blades
 * Level 11.1 Polearms
 * Level 16.3 Throwing
 + Level 8.0 Armour
 * Level 23.0 Dodging
 - Level 8.1 Stealth
 * Level 19.5 Shields
 + Level 1.4 Unarmed Combat
 + Level 1.0 Evocations


You had 24 spell levels left.
You didn't know any spells.
Your spell library contained the following spells:

 Spells                   Type           Power      Damage    Failure   Level
 Apportation              Tloc           0%         N/A       77%         1
 Foxfire                  Conj/Fire      0%         2x1d4     77%         1
 Freeze                   Ice            0%         1d3       77%         1
 Magic Dart               Conj           0%         1d3       77%         1
 Necrotise                Necr           0%         1d4       77%         1
 Sandblast                Erth           0%         2d4       77%         1
 Shock                    Conj/Air       0%         1d3       77%         1
 Slow                     Hex            0%         N/A       77%         1
 Summon Small Mammal      Summ           0%         N/A       77%         1
 Blink                    Tloc           0%         N/A       88%         2
 Call Imp                 Summ           0%         N/A       88%         2
 Cigotuvi's Dreadful Rot  Necr/Alch/Air  0%         N/A       88%         2
 Jinxbite                 Hex            0%         N/A       88%         2
 Lesser Beckoning         Tloc           0%         N/A       88%         2
 Mercury Vapours          Alch/Air       0%         N/A       88%         2
 Scorch                   Fire           0%         2d5       88%         2
 Searing Ray              Conj           0%         2d4       88%         2
 Sublimation of Blood     Necr           0%         N/A       88%         2
 Call Canine Familiar     Summ           0%         N/A       98%         3
 Confusing Touch          Hex            0%         N/A       98%         3
 Dazzling Flash           Conj/Hex       0%         N/A       98%         3
 Frozen Ramparts          Ice            0%         1d1       98%         3
 Fugue of the Fallen      Necr           0%         N/A       98%         3
 Hailstorm                Conj/Ice       0%         3d5       98%         3
 Inner Flame              Hex/Fire       0%         N/A       98%         3
 Mephitic Cloud           Conj/Alch/Air  0%         N/A       98%         3
 Ozocubu's Armour         Ice            0%         N/A       98%         3
 Passwall                 Erth           0%         N/A       98%         3
 Sigil of Binding         Hex            0%         N/A       98%         3
 Stone Arrow              Conj/Erth      0%         3d7       98%         3
 Swiftness                Air            0%         N/A       98%         3
 Tukima's Dance           Hex            0%         N/A       98%         3
 Vampiric Draining        Necr           0%         2d6       98%         3
 Volatile Blastmotes      Fire/Tloc      0%         2d10      98%         3
 Airstrike                Air            0%         2d(0-16)  100%        4
 Anguish                  Hex/Necr       0%         N/A       100%        4
 Animate Armour           Summ/Erth      0%         N/A       100%        4
 Animate Dead             Necr           0%         N/A       100%        4
 Brom's Barrelling Bould  Conj/Erth      0%         2d3       100%        4
 Cause Fear               Hex            0%         N/A       100%        4
 Flame Wave               Conj/Fire      0%         2d4       100%        4
 Fulminant Prism          Conj/Alch      0%         3d5       100%        4
 Ignite Poison            Fire/Alch      0%         N/A       100%        4
 Manifold Assault         Tloc           0%         N/A       100%        4
 Martyr's Knell           Necr/Summ      0%         N/A       100%        4
 Passage of Golubria      Tloc           0%         N/A       100%        4
 Sticky Flame             Fire/Alch      0%         2d4       100%        4
 Summon Blazeheart Golem  Fire/Summ      0%         N/A       100%        4
 Summon Lightning Spire   Summ/Air       0%         N/A       100%        4
 Vhi's Electric Charge    Tloc/Air       0%         N/A       100%        4
 Alistair's Intoxication  Alch           0%         N/A       100%        5
 Arcjolt                  Conj/Air       0%         1d10      100%        5
 Curse of Agony           Necr           0%         N/A       100%        5
 Freezing Cloud           Conj/Ice/Air   0%         6-21      100%        5
 Irradiate                Conj/Alch      0%         3d11      100%        5
 Iskenderun's Battlesphe  Conj           0%         2d6       100%        5
 Lee's Rapid Deconstruct  Erth           0%         3d4*      100%        5
 Silence                  Hex/Air        0%         N/A       100%        5
 Summon Forest            Summ/Tloc      0%         N/A       100%        5
 Yara's Violent Unravell  Hex/Alch       0%         3d3       100%        5
 Bombard                  Conj/Erth      0%         9d1       100%        6
 Dispersal                Tloc           0%         N/A       100%        6
 Eringya's Noxious Bog    Alch           0%         4d6       100%        6
 Plasma Beam              Fire/Air       0%         2x1d10    100%        6
 Starburst                Conj/Fire      0%         6d3       100%        6
 Summon Cactus Giant      Summ           0%         N/A       100%        6
 Enfeeble                 Hex            0%         N/A       100%        7
 Haunt                    Necr/Summ      0%         N/A       100%        7
 Spellforged Servitor     Conj/Summ      0%         N/A       100%        7
 Summon Hydra             Summ           0%         N/A       100%        7
 Disjunction              Tloc           0%         N/A       100%        8
 Ignition                 Fire           0%         3d3       100%        8
 Infestation              Necr           0%         N/A       100%        8
 Lehudib's Crystal Spear  Conj/Erth      0%         10d2      100%        8
 Maxwell's Capacitive Co  Air            0%         ∞         100%        8
 Dragon's Call            Summ           0%         N/A       100%        9


Dungeon Overview and Level Annotations

Branches:
Dungeon (15/15)            Temple (1/1) D:5            Lair (5/5) D:10
  Swamp (4/4) Lair:3        Snake (4/4) Lair:2        Slime (5/5) Lair:4
    Orc (2/2) D:9             Elf (2/3) Orc:2        Vaults (5/5) D:13
  Crypt (0/3) Vaults:3     Depths (4/4) D:15            Zot (0/5) Depths:4
  Sewer (visited)          Bailey (visited)           IceCv (visited)
Volcano (visited)         Desolation (visited)

Altars:
Ashenzari
Cheibriados
Dithmenos
Elyvilon
Fedhas
Gozag
Hepliaklqana
Kikubaaqudgha
Makhleb
Nemelex Xobeh
Okawaru
Qazlal
Ru
Sif Muna
Trog
Uskayaw
Vehumet
Wu Jian
Xom
Yredelemnul
Zin
The Shining One
Jiyva
Lugonu

Shops:
D:1 ??[   D:3 :   D:11 *   Orc:2 [[(=   Elf:2 !*   Snake:2 =[?   Snake:3 ==:
Snake:4 ?*   Vaults:2 ?   Vaults:3 [

Portals:
Hell: Lair:5 Depths:1 Depths:2 Depths:3 Depths:4
Abyss: Depths:1 Depths:2 Depths:3
Pandemonium: Depths:2
Ziggurat: Depths:4
Trove: Vaults:4 (give 6 scrolls of fear)

Annotations:
Lair:4 Kirke
Swamp:1 Roxanne
Snake:2 1 runed translucent door, Icun's ghost, journeyman GnWr
Slime:5 Royal Jelly
Vaults:3 1 runed translucent door, Faydane's ghost, veteran HuFi


Innate Abilities, Weirdness & Mutations

((You are very nimble when in or above water. (Stealth+, EV+, Speed+++)))
Your lower body shifts to a powerful aquatic tail in water.


Message History

The quicksilver ooze hits you!
You feel your power leaking away. You block the slime creature's attack.
You riposte.
You slash the slime creature!
The slime creature is moderately wounded.
Your slime creature zombie hits the azure jelly!
You block the azure jelly's attack.
You riposte.
You cut the azure jelly into ribbons!!!
The azure jelly is almost dead.
The azure jelly misses you. x2; The azure jelly closely misses you.
Clouds condense from the air!
The condenser dries out!
You block the quicksilver ooze's attack.
You riposte.
You slice the quicksilver ooze!!
The quicksilver ooze is heavily wounded.
The quicksilver ooze completely misses you.
The quicksilver ooze is engulfed in freezing vapours.
You block the acid blob's attack. The rockslime misses you.
The glowing orange brain pulsates.
The glowing orange brain radiates an aura of fear!
You resist with almost no effort.
The slime creature is engulfed in blazing flames.
You block the slime creature's attack.
The quicksilver ooze completely misses you. x2
The rockslime is engulfed in freezing vapours.
The azure jelly is engulfed in blazing flames.
The azure jelly completely misses you.
You riposte.
You barely miss the azure jelly.
The azure jelly is almost dead.
The azure jelly completely misses you.
The azure jelly hits you but does no damage.
The azure jelly completely misses you.
The quicksilver ooze is engulfed in freezing vapours.
The azure jelly is engulfed in excruciating misery.
Your slime creature zombie completely misses the azure jelly.
The azure jelly hits you. The azure jelly freezes you!!
* * * LOW HITPOINT WARNING * * *
The azure jelly hits you!
* * * LOW HITPOINT WARNING * * *
The azure jelly freezes you!!!
You die... ▒▒∙∙∙∙∙∙∙ ▒∙∙∙ ▒▒▒∙∙∙∙∙∙∙∙ ∙∙∙∙∙

▒∙∙∙∙∙∙∙∙∙∙ ▒∙∙∙∙∙▒
▒▒∙∙∙∙∙∙∙∙∙∙
▒▒∙∙∙∙▒∙▒▒▒▒▒▒∙∙∙∙∙∙∙∙∙∙∙
▒∙∙∙∙∙∙▒∙▒▒∙▒∙∙∙∙∙∙∙∙∙∙∙∙
∙∙∙∙∙∙#∙J#∙∙∙∙∙∙∙∙∙∙∙∙∙∙∙
∙∙∙∙∙#GGJJ##∙∙∙∙∙∙∙∙∙∙∙∙∙
∙∙∙∙#JJJmJJ#∙∙∙∙∙∙∙∙∙∙∙∙∙
∙∙∙∙∙#JJJJJ#∙∙∙∙∙∙∙∙∙∙∙∙∙


∙∙∙∙∙∙JJJ∙∙∙∙∙∙∙∙∙∙∙∙∙∙∙∙ ∙∙∙∙∙∙#JZ#∙∙∙∙∙∙∙∙∙∙∙∙∙∙∙ ∙∙∙∙∙∙#∙#∙∙∙∙∙∙∙∙∙∙∙∙∙∙∙∙
∙∙∙∙∙∙∙∙∙∙∙∙∙∙∙∙∙∙∙∙∙∙∙∙∙ ∙∙∙∙∙∙∙∙∙∙∙∙∙∙∙∙∙∙∙∙∙▒▒▒▒ ∙∙∙∙∙∙∙∙∙∙∙∙∙∙∙∙▒▒▒▒▒▒
∙∙∙∙∙∙∙∙∙∙∙∙∙▒▒▒▒ You could see the Royal Jelly, an acid blob, 5 azure jellies,
2 slime creatures, 4 rockslimes, a shining eye, a glowing orange brain, 4
quicksilver oozes and a friendly slime creature zombie.

Vanquished Creatures
  A dread lich (Vaults:5)
  An ancient lich (Vaults:5)
  A juggernaut (Depths:3)
  Xtahua (Depths:4)
  Vashnia (Snake:2)
  Nikola (Swamp:3)
  6 golden dragons
  the Enchantress (Depths:4)
  2 bone dragons (Depths:4)
  4 tentacled monstrosities
  Rupert (D:12)
  A walking crystal tome (Depths:1)
  3 liches
  Jorgrun (D:12)
  A deep elf blademaster (Elf:1)
  A deep elf master archer (Elf:1)
  A walking frostbound tome (Depths:3)
  2 titans
  Asterion (Snake:4)
  5 acid blobs
  5 sphinxes
  An ancient champion (Vaults:3)
  A shadow dragon (Depths:4)
  2 quicksilver dragons
  3 tengu reavers
  A storm dragon (Depths:3)
  Agnes (D:15)
  5 nagarajas
  7 azure jellies
  Aizul (Snake:1)
  7 rockslimes
  A fenstrider witch (Swamp:2)
  A draconian knight (Depths:4)
  6 fire giants
  An iron dragon (Depths:4)
  A draconian scorcher (Depths:4)
  Louise (Elf:2)
  6 frost giants
  3 ghouls (Swamp:4)
  12 vault wardens
  2 angels (Vaults:1)
  3 orc warlords (Orc:2)
  14 ironbound preservers
  2 imperial myrmidons (Desolation)
  5 spriggan defenders
  A balrug (Depths:2)
  5 very ugly things
  4 quicksilver oozes
  3 formless jellyfish
  A juggernaut skeleton (Depths:1)
  3 ironbound thunderhulks
  3 vampire knights
  7 eleionomae
  10 stone giants
  2 green draconians (Depths:4)
  5 deep elf demonologists
  A deep elf death mage (Vaults:2)
  2 lorocyprocas
  3 spark wasps (Depths:4)
  A deep elf annihilator (Vaults:5)
  A white draconian (Depths:4)
  A black draconian (Depths:4)
  3 halazid warlocks (Desolation)
  Azrael (Orc:2)
  A war gargoyle (Depths:2)
  3 red draconians (Depths:4)
  8 dire elephants
  5 bunyips
  An eidolon (Vaults:3)
  5 ragged hierophants (Desolation)
  10 ettins
  A merfolk javelineer (Depths:1)
  A blizzard demon (Depths:4)
  4 jiangshi
  10 fire dragons
  Josephine (D:12)
  17 yaktaur captains
  A crystal guardian (Desolation)
  2 deep elf high priests (Vaults:5)
  7 peacekeepers
  Erolcha (D:11)
  Harold (D:10)
  2 rakshasas
  4 servants of whispers (Desolation)
  33 vault guards
  23 hydras
  11 great orbs of eyes
  9 salamander tyrants
  6 catoblepae
  8 ogre magi
  2 entropy weavers
  7 ice dragons
  6 alligators
  2 ghost crabs
  5 spriggan air magi
  7 ironbound frosthearts
  A two-headed ogre (shapeshifter) (Vaults:5)
  7 centaur warriors
  2 hell beasts
  13 anacondas
  Erica (D:8)
  4 boulder beetles
  28 dancing weapons
  4 tengu warriors
  7 two-headed ogres
  3 naga warriors
  11 death yaks
  2 vampire magi
  15 naga sharpshooters
  9 deep troll earth magi
  2 occultists
  An orc high priest (Orc:2)
  7 shock serpents
  6 hell knights (Vaults:4)
  2 spriggan berserkers
  6 deep troll shamans
  Nergalle (D:11)
  11 deep elf knights
  5 iron trolls
  A fire crab (D:15)
  4 sun demons
  5 skeletal warriors
  A sixfirhy (D:15)
  4 goliath frogs
  A sea snake (shapeshifter) (Vaults:2)
  8 swamp dragons
  8 salamander mystics
  4 spriggan druids
  A flayed ghost (Depths:3)
  A spriggan rider (Depths:2)
  A naga ritualist (Snake:4)
  4 mana vipers
  4 glowing orange brains
  3 phantasmal warriors
  4 bog bodies
  5 arcanists
  19 ironbound convokers
  7 deep elf archers
  49 deep trolls
  14 orc knights
  14 lindwurms
  12 harpies
  A shadow dragon skeleton (Depths:1)
  A wolf spider (Vaults:5)
  22 deep elf pyromancers
  14 deep elf zephyrmancers
  An oklob plant (Lair:2)
  A tengu skeleton (Depths:1)
  7 necromancers
  2 manticores
  A stone giant zombie (Vaults:2)
  2 cyclopes
  29 salamanders
  8 will-o-the-wisps
  3 shining eyes
  6 orc sorcerers
  Maurice (Orc:1)
  20 ugly things
  18 elephants
  15 vault sentinels
  Joseph (D:7)
  An ice statue (IceCv)
  4 guardian serpents
  An eye of devastation (shapeshifter) (Vaults:5)
  A rust devil (D:15)
  3 centaur zombies (D:11)
  2 kobold blastminers (Orc:2)
  4 smoke demons
  An eye of devastation (Slime:4)
  15 cane toads
  21 black mambas
  26 naga magi
  5 gargoyles
  Maggie (D:8)
  2 orange demons (Lair:5)
  2 unseen horrors (shapeshifter) (Depths:2)
  A torpor snail (Lair:5)
  An unseen horror (D:12)
  A hellion (Depths:2)
  32 yaktaurs
  Psyche (D:8)
  4 kobold demonologists
  10 rime drakes
  An efreet (D:15)
  7 komodo dragons
  2 freezing wraiths
  2 ice devils (Lair:5)
  2 tengu conjurers
  A merfolk (shapeshifter) (Depths:2)
  5 trolls
  2 red devils (Lair:5)
  9 tyrant leeches
  2 bloated husks
  A queen bee (shapeshifter) (Depths:2)
  7 polar bears (IceCv)
  6 hornets
  A tarantella (shapeshifter) (Depths:2)
  3 glass eyes
  A raiju (shapeshifter) (D:15)
  3 raiju (D:15)
  20 blink frogs
  32 saltlings
  6 dream sheep
  A meliai zombie (D:11)
  A dream sheep (shapeshifter) (D:15)
  68 slime creatures
  A stone giant simulacrum (Depths:1)
  5 air elementals
  4 shadows
  6 wraiths
  2 wyverns
  3 vampires
  9 water elementals
  13 spriggans
  62 yaks
  Grum (Lair:1)
  4 basilisks
  4 fire elementals
  2 wargs
  A golden eye (shapeshifter) (D:14)
  7 golden eyes
  7 hogs (Lair:4)
  8 vampire mosquitoes
  3 redbacks (Vaults:4)
  A basilisk (shapeshifter) (D:15)
  5 steam dragons
  11 swamp worms
  29 nagas
  19 water moccasins
  5 hell hounds
  A glowing shapeshifter zombie (Vaults:2)
  3 acid dragons
  A glowing shapeshifter skeleton (Depths:1)
  2 meliai simulacra (D:15)
  A sky beast (D:6)
  2 black bears
  2 laughing skulls (D:14)
  38 orc warriors
  7 swamp drakes (Swamp:4)
  An ogre (shapeshifter) (Depths:2)
  5 ogres
  43 wolves
  10 boggarts
  A crocodile (Sewer)
  22 centaurs
  A centaur (shapeshifter) (Depths:2)
  4 phantoms
  2 gnoll sergeants (D:11)
  2 kobold brigands
  7 bullfrogs
  An earth elemental (Elf:2)
  4 scorpions
  5 wights (D:8)
  6 killer bees (D:6)
  3 electric eels (Bailey)
  5 howler monkeys
  2 bombardier beetles (D:7)
  4 hounds
  6 jellies
  21 orc priests
  A sleepcap (D:4)
  2 iguanas
  26 orc wizards
  11 gnolls
  8 adders
  4 ufetubi
  2 dart slugs
  2 ribbon worms
  103 orcs
  5 bats
  7 endoplasms
  6 giant cockroaches
  17 goblins
  13 hobgoblins
  4 jackals
  A quokka (D:5)
  8 ball pythons
  5 frilled lizards
  23 kobolds
  7 rats
  A spectral weapon (Snake:4)
1866 creatures vanquished.

Vanquished Creatures (collateral kills)
  2 golden dragons (Depths:4)
  A lich (Depths:3)
  A quicksilver dragon (Vaults:5)
  2 titans (Vaults:5)
  A sphinx (Vaults:2)
  3 tengu reavers
  3 shadow dragons
  A deep elf sorcerer (Vaults:5)
  A fire giant (Vaults:4)
  2 azure jellies
  2 frost giants
  2 formless jellyfish
  2 stone giants
  An orc warlord (Vaults:1)
  A vampire knight (Depths:1)
  An ironbound thunderhulk (Vaults:2)
  A deep elf demonologist (Vaults:2)
  3 ironbound preservers
  A war gargoyle (Vaults:5)
  3 dire elephants
  14 slime creatures
  3 ettins
  A yaktaur captain (Vaults:5)
  2 great orbs of eyes
  2 vault guards (Vaults:3)
  2 deep troll earth magi
  A deep troll shaman (Depths:2)
  An arcanist (Vaults:3)
  10 deep trolls
  A glowing orange brain (Vaults:2)
  2 ironbound convokers
  A lindwurm (Vaults:3)
  A harpy (Vaults:2)
  A necromancer (Vaults:2)
  2 ugly things
  A shining eye (Slime:1)
  8 yaktaurs
  A water elemental (Depths:1)
  A spriggan (Depths:4)
  A deep troll zombie (Vaults:2)
  A human skeleton (Vaults:2)
  An orc (Vaults:5)
  A goblin (Bailey)
93 creatures vanquished.

Vanquished Creatures (others)
  Boris (Depths:1)
  An ironbound preserver (Vaults:3)
  A stone giant (Depths:2)
  2 very ugly things (Depths:1)
  2 quicksilver dragon zombies (Vaults:5)
  An acid blob zombie (Slime:5)
  A fire dragon (Depths:2)
  A sphinx zombie (Vaults:5)
  6 spriggan zombies (Depths:4)
  2 ice dragons
  A hydra (Swamp:4)
  17 human zombies
  A deep troll shaman (Depths:1)
  A naga sharpshooter (Snake:4)
  A titan zombie (Vaults:5)
  A storm dragon zombie (Depths:3)
  An iron troll (Depths:2)
  2 spark wasp zombies (Depths:4)
  A shadow dragon zombie (Depths:4)
  2 tengu zombies (Vaults:5)
  A swamp dragon (Swamp:4)
  An iron dragon zombie (Depths:4)
  A deep elf pyromancer (Elf:2)
  A deep elf zephyrmancer (Elf:2)
  4 ugly thing zombies (Depths:1)
  A will-o-the-wisp (Swamp:4)
  A centaur zombie (Vaults:1)
  3 frost giant zombies
  A red draconian zombie (Depths:4)
  A redback zombie (Vaults:4)
  An iron troll zombie (Depths:1)
  7 harpy zombies
  2 great orb of eyes zombies (Vaults:2)
  A saltling (Desolation)
  3 elf zombies (Vaults:5)
  2 ettin zombies (Vaults:5)
  An ice dragon zombie (Depths:3)
  13 slime creature zombies
  12 deep troll zombies
  2 ogre zombies (Vaults:5)
  2 entropy weaver zombies
  An orc warrior (Bailey)
  A hornet zombie (Depths:4)
  2 swamp drakes (Swamp:4)
  A lindwurm zombie (Vaults:4)
  2 wolves (IceCv)
  13 yaktaur zombies
  A boggart zombie (Vaults:1)
  An orc (D:8)
  4 orc zombies (Vaults:5)
  28 foxfires
161 creatures vanquished.

Grand Total: 2120 creatures vanquished

Notes
Turn   | Place    | Note
-------+----------+-------------------------------------------
     0 | D:1      | Zeor the Merfolk Gladiator began the quest for the Orb.
     0 | D:1      | Reached XP level 1. HP: 16/16 MP: 1/1
   115 | D:1      | Reached XP level 2. HP: 22/22 MP: 2/2
   181 | D:1      | Found Xief's Magic Scroll Boutique.
   459 | D:1      | Found Fistugil's Antique Armour Shop.
   524 | D:1      | Reached XP level 3. HP: 27/28 MP: 3/3
   587 | D:1      | Found Omurchova's Magic Scroll Shoppe.
  1042 | D:2      | Reached skill level 5 in Dodging
  1042 | D:2      | Reached XP level 4. HP: 12/34 MP: 4/4
  1347 | D:2      | Reached skill level 1 in Stealth
  1560 | D:3      | Found Uzufrog's Book Shop.
  2084 | D:4      | Reached skill level 5 in Long Blades
  2084 | D:4      | Reached XP level 5. HP: 40/40 MP: 5/5
  2469 | D:4      | Reached skill level 3 in Fighting
  2497 | D:4      | Found a glowing drain.
  2500 | D:4      | Reached skill level 1 in Armour
  2511 | Sewer    | Entered a sewer
  2574 | Sewer    | Noticed a crocodile
  2585 | Sewer    | Killed a crocodile
  2586 | Sewer    | Reached XP level 6. HP: 46/47 MP: 6/6
  3056 | D:5      | Entered Level 5 of the Dungeon
  3320 | D:5      | Reached XP level 7. HP: 52/52 MP: 7/7
  3587 | D:1      | Bought a brightly glowing ring mail for 207 gold pieces
  3587 | D:1      | Identified the +3 ring mail of the Morning Star {rElec
                  | rPois Int-2 Dex+2} (You bought it in a shop on level 1 of
                  | the Dungeon)
  3786 | D:5      | Reached skill level 4 in Fighting
  3822 | D:5      | Reached XP level 8. HP: 57/60 MP: 8/8
  4142 | D:5      | Found a staircase to the Ecumenical Temple.
  4151 | Temple   | Entered the Ecumenical Temple
  4172 | Temple   | Became a worshipper of the Wu Jian Council
  4669 | D:6      | Found a bloodstained altar of Trog.
  4669 | D:6      | Found an opulent altar of Gozag.
  5147 | D:7      | Reached XP level 9. HP: 66/66 MP: 9/9
  5185 | D:7      | Reached skill level 10 in Long Blades
  5422 | D:7      | Reached skill level 5 in Fighting
  5456 | D:7      | Reached * piety under Wu Jian
  5838 | D:7      | Noticed Joseph
  5857 | D:7      | Killed Joseph
  6023 | D:8      | Noticed Psyche
  6051 | D:8      | Killed Psyche
  6265 | D:8      | Reached XP level 10. HP: 74/75 MP: 10/10
  6297 | D:8      | Found a flagged portal.
  6306 | Bailey   | Entered a bailey
  6381 | Bailey   | Noticed an orc knight
  6422 | Bailey   | Killed an orc knight
  6423 | Bailey   | Reached skill level 1 in Unarmed Combat
  6673 | Bailey   | Reached ** piety under Wu Jian
  6796 | Bailey   | Noticed a kobold demonologist
  6809 | Bailey   | Noticed a soul eater
  6814 | Bailey   | Noticed a rust devil
  6817 | Bailey   | Killed a kobold demonologist
  6818 | Bailey   | Reached skill level 6 in Fighting
  6837 | Bailey   | Acquired a +2 helmet of see invisible
  6860 | Bailey   | Found an iron altar of Okawaru.
  6862 | Bailey   | Noticed a kobold demonologist
  6865 | Bailey   | Identified the +3 robe of the Leaf {Will+ Slay+3}
  6876 | Bailey   | Killed a kobold demonologist
  6966 | Bailey   | Acquired the amulet "Gegoh" {rC- rN+ Regen+ rCorr}
  7290 | D:8      | Noticed Erica
  7297 | D:8      | Killed Erica
  7355 | D:8      | Noticed Maggie
  7366 | D:8      | Killed Maggie
  7389 | D:8      | Reached XP level 11. HP: 83/83 MP: 11/11
  7497 | D:9      | Found a staircase to the Orcish Mines.
  7608 | D:9      | Reached skill level 10 in Dodging
  7764 | D:9      | Reached skill level 5 in Stealth
  7833 | D:9      | Noticed a two-headed ogre
  7841 | D:9      | Killed a two-headed ogre
  7844 | D:9      | Found the +0 pair of fencer's gloves {Riposte Dex+3}
  8155 | D:9      | Reached skill level 7 in Fighting
  8789 | D:10     | Entered Level 10 of the Dungeon
  8894 | D:10     | Noticed Harold
  8904 | D:10     | Killed Harold
  8956 | D:10     | Reached skill level 15 in Long Blades
  8962 | D:10     | Reached *** piety under Wu Jian
  9035 | D:10     | Found a staircase to the Lair.
  9365 | Lair:1   | Entered Level 1 of the Lair of Beasts
  9365 | Lair:1   | Noticed Grum
  9373 | Lair:1   | Killed Grum
  9374 | Lair:1   | Reached skill level 8 in Fighting
  9547 | Lair:1   | Noticed a catoblepas
  9557 | Lair:1   | Killed a catoblepas
  9558 | Lair:1   | Reached XP level 12. HP: 88/94 MP: 12/12
 10045 | Lair:2   | Reached skill level 9 in Fighting
 10075 | Lair:2   | Reached skill level 5 in Throwing
 10148 | Lair:2   | Reached **** piety under Wu Jian
 10303 | Lair:2   | Reached skill level 10 in Fighting
 10390 | Lair:2   | Noticed a catoblepas
 10402 | Lair:2   | Killed a catoblepas
 10595 | Lair:2   | Found a staircase to the Snake Pit.
 10610 | Lair:2   | Reached XP level 13. HP: 103/103 MP: 13/13
 11351 | Lair:3   | Reached skill level 5 in Armour
 11424 | Lair:3   | Found a staircase to the Swamp.
 11497 | Lair:3   | Reached ***** piety under Wu Jian
 11498 | Lair:3   | Reached skill level 11 in Fighting
 12244 | Lair:4   | Found a staircase to the Slime Pits.
 12465 | Lair:4   | Noticed Kirke
 12721 | Lair:4   | Reached XP level 14. HP: 114/114 MP: 14/14
 12756 | Lair:4   | Reached skill level 12 in Fighting
 13085 | Lair:5   | Entered Level 5 of the Lair of Beasts
 13442 | Lair:5   | Identified the +6 quarterstaff of Tender Mercy {flame,
                  | MP+9}
 13806 | Lair:5   | Found a dark tunnel.
 13813 | Volcano  | Entered a volcano
 14012 | Volcano  | Reached skill level 13 in Fighting
 14153 | Lair:5   | Found a burning altar of Makhleb.
 14159 | Lair:5   | Found a gateway to Hell.
 14615 | D:11     | Reached XP level 15. HP: 120/124 MP: 15/15
 14700 | D:11     | Reached ****** piety under Wu Jian
 14751 | D:11     | Found Dienuyqe's Elemental Accessories.
 14781 | D:11     | Noticed Erolcha
 14793 | D:11     | Killed Erolcha
 14794 | D:11     | Reached skill level 15 in Dodging
 14925 | D:11     | Noticed Nergalle
 14933 | D:11     | Killed Nergalle
 15357 | Orc:1    | Entered Level 1 of the Orcish Mines
 15357 | Orc:1    | Found a frozen archway.
 15358 | Orc:1    | Noticed Maurice
 15375 | Orc:1    | Reached skill level 14 in Fighting
 15400 | Orc:1    | Killed Maurice
 15722 | IceCv    | Entered an ice cave
 16203 | IceCv    | Identified the staff of the Healing Pariah {^Contam rF+
                  | Tloc Fire Ice}
 16439 | Orc:2    | Entered Level 2 of the Orcish Mines
 16449 | Orc:2    | Noticed an orc warlord
 16466 | Orc:2    | Killed an orc warlord
 16467 | Orc:2    | Reached skill level 1 in Shields
 16502 | Orc:2    | Found a staircase to the Elven Halls.
 16880 | Orc:2    | Noticed Azrael
 16894 | Orc:2    | Killed Azrael
 16899 | Orc:2    | Reached skill level 10 in Throwing
 16902 | Orc:2    | Reached skill level 15 in Fighting
 17075 | Orc:2    | Noticed an orc warlord
 17101 | Orc:2    | Killed an orc warlord
 17216 | Orc:2    | Found Caroemp's Jewellery Emporium.
 17258 | Orc:2    | Found Ximot's Antique Armour Boutique.
 17260 | Orc:2    | Reached XP level 16. HP: 36/136 MP: 16/16
 17344 | Orc:2    | Found Peim's Antique Weapon Boutique.
 17352 | Orc:2    | Bought a pitted ring mail for 252 gold pieces
 17352 | Orc:2    | Identified the +0 ring mail of Polish {rPois rF- rN+} (You
                  | bought it in a shop on level 2 of the Orcish Mines)
 17352 | Orc:2    | Bought an embroidered hat for 196 gold pieces
 17352 | Orc:2    | Bought a runed scarf for 224 gold pieces
 17401 | Orc:2    | Found Xyobemut's Armour Shop.
 17840 | D:1      | Bought a scroll of teleportation for 42 gold pieces
 17840 | D:1      | Bought 3 scrolls of teleportation for 126 gold pieces
 17840 | D:1      | Bought a scroll of blinking for 105 gold pieces
 17927 | D:1      | Bought a scroll of fog for 56 gold pieces
 17927 | D:1      | Bought a scroll of teleportation for 42 gold pieces
 17927 | D:1      | Bought a scroll of teleportation for 42 gold pieces
 17927 | D:1      | Bought a scroll of poison for 56 gold pieces
 18191 | D:12     | Noticed Rupert
 18203 | D:12     | Killed Rupert
 18477 | D:12     | Identified the +0 robe of Vermicelli {rN+ Str+6 Dex-2
                  | Archmagi}
 18483 | D:12     | Noticed Jorgrun
 18494 | D:12     | Killed Jorgrun
 18500 | D:12     | Noticed Josephine
 18513 | D:12     | Killed Josephine
 19084 | D:13     | Found a gate to the Vaults.
 19615 | D:14     | Reached skill level 5 in Shields
 19825 | D:14     | Reached skill level 16 in Fighting
 20559 | Swamp:1  | Entered Level 1 of the Swamp
 20566 | Swamp:1  | Noticed Roxanne
 21176 | Swamp:2  | Reached XP level 17. HP: 131/146 MP: 17/17
 21231 | Swamp:2  | Paralysed by a fenstrider witch for 4 turns
 21705 | Swamp:2  | Reached skill level 17 in Fighting
 21916 | Swamp:3  | Noticed Nikola
 21933 | Swamp:3  | Killed Nikola
 22693 | Snake:1  | Entered Level 1 of the Snake Pit
 22853 | Snake:1  | Identified the serpent talisman of the Gloaming {Dex+5}
 22853 | Snake:1  | Noticed Aizul
 22865 | Snake:1  | Killed Aizul
 23348 | Snake:1  | You fall into a shaft and drop 1 floor!
 23390 | Snake:2  | Found a shimmering altar of Xom.
 23778 | Snake:2  | Noticed Icun's ghost (journeyman GnWr)
 23783 | Snake:2  | Found a runed translucent door.
 23789 | Snake:2  | Noticed Vashnia
 23809 | Snake:2  | Killed Vashnia
 23810 | Snake:2  | Reached skill level 18 in Fighting
 23914 | Snake:2  | Found Kugaank's Magic Scroll Emporium.
 23924 | Snake:2  | Bought a scroll of blinking for 120 gold pieces
 23924 | Snake:2  | Bought a scroll of teleportation for 48 gold pieces
 23924 | Snake:2  | Bought a scroll of teleportation for 48 gold pieces
 23939 | Snake:2  | Found Difixtic's Jewellery Shoppe.
 23947 | Snake:2  | Found Meag's Antique Armour Shoppe.
 23951 | Snake:2  | Bought a pair of runed boots for 285 gold pieces
 24548 | Snake:3  | Reached XP level 18. HP: 111/158 MP: 18/18
 25230 | Snake:3  | Reached skill level 19 in Fighting
 25380 | Snake:3  | Found Xiusirchy's Book Emporium.
 25381 | Snake:3  | Found Gouz's Jewellery Shop.
 25381 | Snake:3  | Found Vionedu's Jewellery Shop.
 25557 | Snake:4  | Entered Level 4 of the Snake Pit
 25676 | Snake:2  | Bought the ring "Bielann" {rF+ Will+ rCorr Int+6} for 918
                  | gold pieces
 26063 | Snake:4  | Found Raisot's Magic Scroll Boutique.
 26064 | Snake:4  | Noticed Asterion
 26076 | Snake:4  | Killed Asterion
 26100 | Snake:4  | Bought a scroll of teleportation for 51 gold pieces
 26100 | Snake:4  | Bought a scroll of fog for 68 gold pieces
 26100 | Snake:4  | Bought a scroll of immolation for 68 gold pieces
 26100 | Snake:4  | Bought a scroll of fear for 68 gold pieces
 26100 | Snake:4  | Bought a scroll of teleportation for 51 gold pieces
 26271 | Snake:4  | Noticed a quicksilver dragon
 26277 | Snake:4  | Killed a quicksilver dragon
 26533 | Snake:4  | Got a serpentine rune of Zot
 26720 | Snake:4  | Found Ysae's General Store.
 26724 | Snake:4  | Bought a scroll of fog for 80 gold pieces
 27276 | Swamp:4  | Entered Level 4 of the Swamp
 27406 | Swamp:4  | Reached skill level 20 in Fighting
 27412 | Swamp:4  | Reached XP level 19. HP: 92/169 MP: 19/19
 27877 | Swamp:4  | Got a decaying rune of Zot
 28329 | Snake:3  | Bought the ring of Esyhyoti {rPois Will+ Str-5 Dex+4 SInv}
                  | for 421 gold pieces
 28579 | D:15     | Entered Level 15 of the Dungeon
 28618 | D:15     | Found a staircase to the Depths.
 28900 | D:15     | Noticed Agnes
 28908 | D:15     | Killed Agnes
 29567 | Elf:1    | Entered Level 1 of the Elven Halls
 29642 | Elf:1    | Identified the +3 morningstar of Tiarun {drain, Will+ Dex+3
                  | SInv}
 30471 | Elf:2    | Reached skill level 21 in Fighting
 30678 | Elf:2    | Found Riczi's Distillery.
 30705 | Elf:2    | Bought a potion of curing for 54 gold pieces
 30705 | Elf:2    | Bought a potion of curing for 54 gold pieces
 30705 | Elf:2    | Bought a potion of heal wounds for 90 gold pieces
 30705 | Elf:2    | Bought a potion of berserk rage for 90 gold pieces
 30711 | Elf:2    | Found Afonavom's General Store.
 30719 | Elf:2    | Bought a scroll of fog for 52 gold pieces
 30815 | Elf:2    | Reached XP level 20. HP: 180/180 MP: 20/20
 31122 | Elf:2    | Found a runed translucent gate.
 31122 | Elf:2    | Found a runed translucent gate.
 31131 | Elf:2    | Found a runed translucent gate.
 31225 | Elf:2    | Noticed Louise
 31250 | Elf:2    | Killed Louise
 31408 | Elf:2    | Identified the blade talisman of the Sneaky Hosts {rN+
                  | Will+}
 31818 | Vaults:1 | Entered Level 1 of the Vaults
 32215 | Vaults:1 | Found a glowing golden altar of the Shining One.
 32215 | Vaults:1 | Found a crumbling gateway.
 32215 | Vaults:1 | Found a glowing silver altar of Zin.
 32229 | Vaults:1 | Found a white marble altar of Elyvilon.
 32275 | Desolati | Entered the Desolation of Salt
 32406 | Desolati | Found the ring of Shadows {Umbra +Inv Stlth+}
 32407 | Desolati | Found the +1 cloak of Starlight {*Dazzle EV+4 Stlth--}
 32410 | Desolati | Found the +9 sword of Zonguldrok {reap}
 32420 | Desolati | Reached skill level 22 in Fighting
 32435 | Desolati | Identified the +9 dagger "Mioty" {venom, rF+}
 32549 | Desolati | Identified the ring "Afotsior" {rC+ Int+3 Dex-2 SInv}
 32552 | Desolati | Got the Codex of Tropical Profane Rites
 32553 | Desolati | Identified the amulet "Emurakho" {RegenMP rPois}
 32556 | Desolati | Identified the ring "Teoceto Remy" {rN+ Will+ Int+7 SInv}
 32589 | Desolati | Reached skill level 10 in Shields
 32617 | Desolati | Identified the ring of the Skiapode {*Corrode Fly rElec
                  | Str+2 Dex+8}
 32622 | Desolati | Identified the ring "Cutehoesi" {rC+ rCorr}
 33845 | Vaults:2 | Reached XP level 21. HP: 188/190 MP: 21/21
 34438 | Vaults:2 | Reached skill level 23 in Fighting
 34522 | Vaults:2 | Found Haeqihua's Magic Scroll Shoppe.
 34535 | Vaults:2 | Bought a scroll of fog for 68 gold pieces
 34535 | Vaults:2 | Bought a scroll of fear for 68 gold pieces
 34547 | Vaults:2 | Found a transporter.
 34551 | Vaults:2 | Found a shimmering blue altar of Sif Muna.
 35193 | Vaults:2 | Found a transporter.
 35572 | Vaults:3 | Found Efush's Armour Shop.
 35736 | Vaults:3 | Found a runed translucent door.
 35736 | Vaults:3 | Noticed Faydane's ghost (veteran HuFi)
 35939 | Vaults:3 | Identified the +9 hand axe "Xoemir" {heavy, +Blink}
 36205 | Vaults:3 | Found a staircase to the Crypt.
 36387 | Vaults:3 | Reached XP level 22. HP: 189/202 MP: 22/22
 36467 | Vaults:3 | Reached skill level 24 in Fighting
 36804 | Vaults:4 | Identified the +5 battleaxe "Curay" {pain, rElec Str+4
                  | SInv}
 36990 | Vaults:4 | Found a portal to a secret trove of treasure.
 37995 | Depths:1 | Entered Level 1 of the Depths
 38023 | Depths:1 | Found a white marble altar of Elyvilon.
 38119 | Depths:1 | Reached skill level 15 in Shields
 38204 | Depths:1 | Found a one-way gate to the infinite horrors of the Abyss.
 38380 | Depths:1 | Noticed Boris
 38598 | Vaults:5 | Entered Level 5 of the Vaults
 38613 | Vaults:5 | Reached skill level 15 in Throwing
 38646 | Vaults:5 | Reached skill level 25 in Fighting
 38685 | Vaults:5 | Reached XP level 23. HP: 171/213 MP: 23/23
 38817 | Vaults:5 | Got a silver rune of Zot
 38825 | Vaults:5 | Got Ucocw's Directory of Terrestrial Points
 39047 | Vaults:5 | Noticed a dread lich
 39057 | Vaults:5 | Killed a dread lich
 39228 | Vaults:5 | Noticed an ancient lich
 39246 | Vaults:5 | Killed an ancient lich
 39334 | Vaults:5 | Found the -2 hat of the Alchemist {rElec rPois rF+ rC+ rN+
                  | Will+ rMut rCorr}
 39343 | Vaults:5 | Reached skill level 1 in Polearms
 39540 | Vaults:5 | Got Sif Muna's Folio of Accomplices
 40151 | Depths:1 | Acquired 795 gold pieces
 40212 | Depths:1 | Killed Boris
 40262 | Depths:1 | Found a broken altar of Ashenzari.
 40470 | Depths:1 | Reached skill level 5 in Polearms
 40474 | Depths:1 | Found a shimmering blue altar of Sif Muna.
 41345 | Depths:2 | Found a one-way gate leading to the halls of Pandemonium.
 41455 | Depths:2 | Noticed a golden dragon
 41469 | Depths:2 | Killed a golden dragon
 41932 | Depths:2 | Noticed a golden dragon
 41936 | Depths:2 | Reached skill level 26 in Fighting
 41936 | Depths:2 | Reached XP level 24. HP: 216/223 MP: 23/23
 41984 | Depths:2 | Identified the ring of Springtime {rC+ Str+6}
 42224 | Depths:3 | Noticed a juggernaut
 42235 | Depths:3 | Killed a juggernaut
 42923 | Depths:3 | Found a corrupted altar of Lugonu.
 43295 | Depths:4 | Entered Level 4 of the Depths
 43309 | Depths:4 | Noticed Xtahua
 43582 | Depths:4 | Noticed the Enchantress
 43757 | Depths:4 | Killed the Enchantress
 43886 | Depths:4 | Reached skill level 10 in Polearms
 44118 | Depths:4 | Found a gate to the Realm of Zot.
 44193 | Depths:4 | Killed Xtahua
 44194 | Depths:4 | Reached skill level 1 in Evocations
 44369 | Depths:4 | Found a glowing golden altar of the Shining One.
 44378 | Depths:4 | Found a one-way gateway to a ziggurat.
 44847 | Slime:1  | Entered Level 1 of the Pits of Slime
 44885 | Slime:1  | Reached skill level 27 in Fighting
 45350 | Slime:2  | Reached XP level 25. HP: 207/234 MP: 23/23
 45353 | Slime:2  | Found a viscous altar of Jiyva.
 45462 | Slime:2  | You fall into a shaft and drop 2 floors!
 46889 | Slime:5  | Entered Level 5 of the Pits of Slime
 46912 | Slime:5  | Noticed the Royal Jelly
 46913 | Slime:5  | Found a viscous altar of Jiyva.
 47150 | Slime:5  | Mangled by an azure jelly

Illustrated notes

Levels and vault maps discovered:
D:1:      ncdulo_halloftheorcs, layout_basic, serial_shops,
          nicolae_shop_statue_plus, nicolae_shop_trees,
          nicolae_shop_real_fake_doors
D:2:      layout_rooms, amcnicky_mini_rare_corridor_liquid
D:3:      layout_rooms, serial_shops, shop_fountains, lightli_corner_chamber
D:4:      layout_cave_pods, portal_sewer_entry_e
D:5:      minmay_spotlight, layout_rooms, lemuel_temple_firewalk_b,
          grunt_ministairs_10, kennysheep_big_empty_room
D:6:      layout_basic, minitemple
D:7:      layout_rooms, uniq_joseph
D:8:      layout_gridville, enter_bailey_5, uniq_psyche, uniq_erica, uniq_maggie
D:9:      layout_grid_maze, orc_0_dummy
D:10:     layout_cave_pools, lair_entry_dummy, uniq_harold
D:11:     layout_irregular_city, serial_undead, serial_undead_e,
          serial_undead_b, serial_undead_b, serial_undead_c,
          minmay_misc_feat_doors, nicolae_elemental_shop, uniq_erolcha,
          uniq_nergalle
D:12:     layout_roguey, uniq_jorgrun, uniq_josephine, uniq_rupert
D:13:     layout_small_grid, erik_vaults_2, nrook_loot_triangle
D:14:     layout_roguey, grunt_decor_arrowhead
D:15:     hangedman_crystal_crosses_colossus [crystal_crosses_arms_two,
          crystal_crosses_arms_two, crystal_crosses_arms_one], uniq_agnes
Temple:   nicolae_temple_slightly_damp_pantheon
Lair:1:   layout_misc_corridors, uniq_grum
Lair:2:   layout_cellular_growth, guppyfry_snake_entry_garden,
          minmay_lair_oklob_items, minmay_holes
Lair:3:   layout_cellular_growth, minmay_swamp_entry_worms, lemuel_old_faithful
Lair:4:   layout_roguey, slime_entry_2, serial_bayou_pond_a,
          chequers_serial_rivers_micro_e, uniq_kirke
Lair:5:   evil_forest, layout_regular_city, enter_volcano_2,
          infiniplex_staircase_pool_2
Swamp:1:  layout_basic_swamp, evilmike_swamp_ruin_rubble_2,
          infiniplex_staircase_pool, uniq_roxanne
Swamp:2:  layout_basic_swamp, serial_swamp_ruin, hangedman_swamp_ruin_wall,
          evilmike_swamp_ruin_house_2, evilmike_swamp_ruin_house_6
Swamp:3:  nicolae_swamp_secret_spriggan_hideout, layout_falls_marsh,
          evilmike_swamp_ruin_house_4, swamp_pool_1_2,
          nicolae_swamp_tree_isthmus, uniq_nikola
Swamp:4:  swamp_fiery, layout_basic_swamp, swamp_pool_1_2, nicolae_swamp_oxbows,
          nicolae_swamp_snake_nest
Snake:1:  layout_grid_shapes, serial_library_regret_index_multi,
          nicolae_snake_gridmaze_waves, uniq_aizul
Snake:2:  layout_layer_cave, hellmonk_ghost_happy_afterlife, serial_shops, shop,
          basic_altar, minmay_shop_star, uniq_vashnia
Snake:3:  layout_cave_town, nicolae_snake_salamander_jacuzzi, lemuel_fruit_tree,
          grunt_megastairs_4, minmay_shop_grove
Snake:4:  hellmonk_snake_rune_quicksilver_temple, layout_cave_town,
          serial_shops, shop, shop, grunt_megastairs_2, uniq_asterion
Slime:1:  layout_caves
Slime:2:  layout_caves, basic_altar
Slime:3:  layout_caves
Slime:4:  layout_caves, nicolae_slime_crime_time
Slime:5:  slime_pit_nicolae_inversion
Orc:1:    layout_diamond_mine, portal_ice_cave_entry_pillars_1,
          lightli_church_of_beogh, uniq_maurice
Orc:2:    hellmonk_orc_salted, layout_caves, uniq_azrael
Elf:1:    layout_geoelf_diagonals, nicolae_elf_crossing_hall, minivault_27,
          nicolae_elf_v_pinch, nicolae_elf_martial_mastery
Elf:2:    nicolae_elf_blades_splatter_lattice [nicolae_blade_entry_pointy_end],
          layout_onion_city, serial_shops,
          nicolae_shop_temple_entry_statues_fountains, shop, drop_trap,
          uniq_louise
Vaults:1: portal_desolation_entry_holy_temple, vaults_standard_mumra_x,
          v_misc_8, nicolae_vaults_border_crossing, v_misc_24,
          ontoclasm_vaults_ring_large, nicolae_vaults_mini_display_case,
          nicolae_vaults_crenellated_ambush, nicolae_vaults_surprise_closet,
          nicolae_vaults_tetromino_T_1, layout_vaults_quadrants
Vaults:2: gammafunk_sealed_library, nicolae_vaults_rhombus_7,
          nicolae_vaults_yaktaur_gun_rack, nicolae_vaults_big_angled_halls,
          nicolae_vaults_tetromino_L_1, nicolae_vaults_network_quinsquares
          [nicolae_vaults_network_quincunx_subvault,
          nicolae_vaults_network_quincunx_subvault,
          nicolae_vaults_network_quincunx_subvault,
          nicolae_vaults_network_quincunx_subvault], v_rooms_3,
          nicolae_vaults_meiosis, nicolae_vaults_tetromino_L_2, v_alt_pattern_4,
          nicolae_vaults_storage_closets_3, nicolae_vaults_closet_pinwheel_2,
          nicolae_vaults_double_plus_2, grunt_vaults_hallway_long,
          layout_vaults_omnibox, serial_shops, shop_statue
Vaults:3: gammafunk_ghost_grave, nicolae_vaults_closet_pinwheel_3,
          nicolae_vaults_doubleplus_tesselated, minmay_crypt_entry_simple_walls,
          nicolae_vaults_shipping_containers_4, vaults_room_pools, v_rooms_2,
          nicolae_vaults_tetromino_Z_1, vaults_standard_mumra_lines, v_misc_29,
          nicolae_vaults_tetromino_L_2, v_misc_17,
          nicolae_vaults_taking_the_gang_shopping, nicolae_vaults_tetromino_L_1,
          nicolae_vaults_shelves_hall, layout_vaults_omnicross
Vaults:4: nicolae_vaults_mush_room, hangedman_vaults_stream, vaults_room_pool,
          nicolae_vaults_specimen_jars, nicolae_vaults_storage_room_glass,
          nicolae_vaults_trapezoid_lopsided_3, nicolae_vaults_circle_grid_a,
          nicolae_vaults_ring_of_whatevers, nicolae_vaults_network_s,
          v_alt_pattern_6, nicolae_vaults_tangram_2, layout_vaults_chaotic_city,
          enter_trove_6
Vaults:5: serial_shops
Depths:1: layout_cave_pools, grunt_hell_entry_dis_old, elyvilon_altar_3,
          abyss_entry, serial_library_hellmonk_narrow_alcove,
          evilmike_ruin_ashenzari, uniq_boris
Depths:2: minmay_split_circle, layout_basic, abyss_entry, grunt_mini_vestibule,
          rand_demon_pan_entry_9, grunt_ministairs_14,
          infiniplex_staircase_spiral_double
Depths:3: kennysheep_snake, layout_cave_pools, abyss_entry_flame_altar,
          hell_entry, infiniplex_staircase_pillars_3a
Depths:4: grunt_zot_entry_gee_three, layout_twisted_cross, enter_ziggurat_f,
          serial_sigils, serial_sigils_hangedman_etch,
          serial_sigils_hangedman_leer, serial_sigils_hangedman_quiver,
          serial_sigils_hangedman_stare, minmay_crystal_water,
          hangedman_coc_ice_floe, tso_oasis_becter, uniq_xtahua,
          uniq_enchantress

Skill      XL: |  1  2  3  4  5  6  7  8  9 10 11 12 13 14 15 16 17 18 19 20 21 22 23 24 25 |
---------------+----------------------------------------------------------------------------+-----
Long Blades    | 4 5 6 8 9 12 14 15 16 17 18 19 20 21 22 | 22.0
Dodging        | 5 6 7 8 9 11 12 13 14 15 16 17 18 19 20 21 22 23 | 23.0
Stealth        | 1 2 3 4 5 6 8 |  8.1
Fighting       | 3 4 5 6 8 10 11 13 15 16 18 20 21 22 23 25 26 27 | 27.0
Armour         | 1 2 3 4 5 6 7 8 |  8.0
Unarmed Combat | 1 |  1.4
Throwing       | 4 6 7 9 10 11 12 13 14 15 16 | 16.3
Shields        | 3 5 6 8 10 12 16 17 18 19 | 19.5
Polearms       | 8 10 11 | 11.1
Evocations     | 1 |  1.0

Action                     |  1- 3 |  4- 6 |  7- 9 | 10-12 | 13-15 | 16-18 | 19-21 | 22-24 | 25-27 || total
---------------------------+-------+-------+-------+-------+-------+-------+-------+-------+-------++-------
  Melee: Long sword        |    99 |    31 |       |       |       |       |       |       |       ||   130
         Scimitar          |       |   142 |   276 |   493 |   893 |  1091 |   716 |       |       ||  3611
         Punch             |       |     4 |     3 |    12 |    14 |       |       |       |       ||    33
         Tailslap          |       |     2 |     4 |    14 |    18 |    29 |    21 |     8 |       ||    96
         Unarmed           |       |       |     9 |       |     4 |       |       |       |       ||    13
         Great sword       |       |       |       |       |    91 |       |       |       |       ||    91
         Double sword      |       |       |       |       |       |       |   553 |   956 |   224 ||  1733
         Trishula          |       |       |       |       |       |       |       |   377 |       ||   377
  Throw: Throwing net      |       |     6 |       |     3 |       |       |       |       |       ||     9
         Javelin           |       |       |     1 |       |       |     2 |     1 |     4 |       ||     8
         Dart              |       |       |       |     2 |       |       |       |       |       ||     2
 Invoke: Serpent's Lash    |       |       |       |       |     2 |     3 |       |       |       ||     5
         Heavenly Storm    |       |       |       |       |     2 |     1 |     2 |     1 |     1 ||     7
Ability: Lunge             |       |       |    17 |    47 |    90 |   139 |   180 |   139 |    29 ||   641
         Whirlwind         |       |       |     5 |    60 |   175 |   125 |   202 |   172 |    61 ||   800
         Wall Jump         |       |       |       |     3 |    13 |     4 |    17 |    23 |     1 ||    61
  Evoke: Wand              |       |       |       |     2 |       |       |       |     4 |       ||     6
         Sack of spiders   |       |       |       |       |       |       |       |     1 |       ||     1
         Condenser vane    |       |       |       |       |       |       |       |       |     1 ||     1
    Use: Scroll            |     8 |     9 |     5 |     9 |     7 |     7 |     3 |     8 |     1 ||    57
         Potion            |     1 |     1 |     2 |     1 |     5 |     2 |     1 |     4 |     1 ||    18
   Stab: Sleeping          |     2 |     2 |     6 |    13 |    19 |    46 |    32 |    13 |     4 ||   137
         Invisible         |     1 |     2 |     5 |       |       |       |    15 |    46 |       ||    69
         Distracted        |       |       |     1 |     1 |     6 |     9 |    19 |    20 |     5 ||    61
         Held in net/web   |       |       |       |     1 |       |       |       |       |       ||     1
 Armour: Leather armour    |    52 |    22 |       |       |    28 |       |       |       |       ||   102
         Ring mail         |       |    45 |   119 |   109 |   174 |   219 |   213 |   296 |    51 ||  1226
         Skin              |       |     6 |     3 |       |     4 |       |       |       |       ||    13
         Robe              |       |       |       |       |     6 |       |       |       |       ||     6
  Dodge: Dodged            |    74 |   188 |   262 |   270 |   708 |   684 |   627 |   655 |   117 ||  3585
         Repelled          |       |       |       |       |       |    17 |    13 |       |       ||    30
  Block: Buckler           |       |       |       |       |    51 |   313 |    73 |       |       ||   437
         Kite shield       |       |       |       |       |       |       |   432 |   794 |   152 ||  1378
Riposte: Scimitar          |       |       |       |    33 |   167 |   197 |   160 |       |       ||   557
         Great sword       |       |       |       |       |    14 |       |       |       |       ||    14
         Double sword      |       |       |       |       |       |       |    95 |   208 |    64 ||   367
         Trishula          |       |       |       |       |       |       |       |   143 |       ||   143
